 Dungeon Crawl Stone Soup version 0.31.0-9-g3a7656b989 (webtiles) character file.

Game seed: 16565580731614420330

88 qw the Shooter (level 4, 0/25 HPs)
             Began as a Deep Elf Hunter on Feb 2, 2024.
             Slain by a gnoll
             ... wielding a +3 flail of protection
              (7 damage)
             ... on level 3 of the Dungeon.
             The game lasted 00:00:05 (1441 turns).

qw the Shooter (Deep Elf Hunter)                    Turns: 1441, Time: 00:00:05

Health: 0/25       AC:  6    Str: 10    XL:     4   Next: 29%
Magic:  6/6        EV: 11    Int: 14    God:
Gold:   92         SH:  0    Dex: 18    Spells: 3/3 levels left

rFire   . . .        a - +1 shortbow
rCold   . . .        (shield currently unavailable)
rNeg    . . .        g - +1 ring mail
rPois   .            (no helmet)
rElec   .            (no cloak)
rCorr   .            (no gloves)
SInv    .            (no boots)
Will    .....        (no amulet)
Stlth   +            (no ring)
HPRegen 0.24/turn    (no ring)
MPRegen 0.10/turn

%: no passive effects
@: no status effects
A: no striking features
a: no special abilities


You were on level 3 of the Dungeon.
You visited 1 branch of the dungeon, and saw 3 of its levels.

You collected 92 gold pieces.


   Skills:
 - Level 1.5 Fighting
 + Level 7.7 Ranged Weapons
 - Level 2.4 Dodging
 - Level 1.2 Stealth


You had 3 spell levels left.
You didn't know any spells.
Your spell library was empty.

Inventory:

Hand Weapons
 a - a +1 shortbow (weapon)
Armour
 g - a +1 ring mail (worn)
Scrolls
 f - 2 scrolls of teleportation
Potions
 b - a potion of berserk rage {unknown}
 c - a potion of curing {unknown}
 e - a potion of magic {unknown}
 j - a potion of might {unknown}

Dungeon Overview and Level Annotations

Branches:
Dungeon (3/15)

Altars:

Annotations:
D:3 1 transporter, qw's ghost, amateur SpHu


Message History

The adder completely misses you.
You shoot an arrow. The arrow closely misses the adder.
The adder closely misses you.
A ball python comes into view.
The adder closely misses you.
You shoot an arrow.
The arrow hits the adder but does no damage.
The adder bites you.
You shoot an arrow. The arrow hits the adder.
The adder is lightly wounded.
The adder closely misses you. The adder misses you.
You shoot an arrow. The arrow hits the adder.
The adder is severely wounded.
The adder closely misses you. The gnoll misses you.
You shoot an arrow. The arrow closely misses the adder.
The arrow hits the ball python.
You kill the ball python!
The adder bites you.
The gnoll hits you with a +3 flail of protection!
The adder bites you but does no damage.
You shoot an arrow. The arrow hits the adder.
The adder is almost dead.
The gnoll barely misses you. The adder misses you.
You shoot an arrow. The arrow closely misses the adder.
The adder closely misses you.
The gnoll hits you with a +3 flail of protection.
You shoot an arrow. The arrow closely misses the adder.
The adder misses you.
The gnoll hits you with a +3 flail of protection.
The adder barely misses you. The gnoll closely misses you.
You shoot an arrow. The arrow hits the adder.
You kill the adder!
The gnoll barely misses you.
You shoot an arrow. The arrow hits the gnoll.
The gnoll is moderately wounded.
The gnoll barely misses you.
You shoot an arrow. The arrow hits the gnoll.
The gnoll is moderately wounded.
The gnoll hits you with a +3 flail of protection!
You die...

.# ##.## #.
.###...###.
.#.....#. '..<..'
..... ###...###
##.##.##.##
####...#'#...####
#@'..}..'..}..'.#
7.g)##...###...##.#
~P~P^...##.##
##.###.#
P~~~77#%..#+#
#'#...# ~~~ .....
#.#<### ~~ 7.....
..#.# # ~ 7[...##
###.#### 7...##
#..... ######


You could see a gnoll.

Vanquished Creatures
  4 adders
  2 dart slugs
  3 orcs (D:3)
  4 endoplasms
  A giant cockroach (D:1)
  5 goblins
  5 hobgoblins
  3 jackals (D:2)
  7 ball pythons
  3 bats (D:1)
  A frilled lizard (D:1)
  A kobold (D:2)
  5 rats
44 creatures vanquished.

Notes
Turn   | Place    | Note
-------+----------+-------------------------------------------
     0 | D:1      | qw the Deep Elf Hunter began the quest for the Orb.
     0 | D:1      | Reached XP level 1. HP: 12/12 MP: 3/3
     0 | D:1      | 0 ||| qw: Version: 0.3-a-155-g5e7d8dd
     0 | D:1      | 0 ||| qw: Game counter: 975
     0 | D:1      | 0 ||| qw: Melee chars always use a shield: true
     0 | D:1      | 0 ||| qw: God list: Okawaru
     0 | D:1      | 0 ||| qw: Allow faded altars: false
     0 | D:1      | 0 ||| qw: Do Orc after clearing Dungeon:15 true
     0 | D:1      | 0 ||| qw: Do second Lair branch before Depths: true
     0 | D:1      | 0 ||| qw: Lair rune preference: random
     0 | D:1      | 0 ||| qw: Goals: Normal
     0 | D:1      | 0 ||| PLANNING D:1-11
   208 | D:1      | Reached XP level 2. HP: 16/16 MP: 4/4
   233 | D:1      | Reached skill level 6 in Ranged Weapons
   419 | D:1      | 419 ||| UPGRADING to +0 ring mail.
   429 | D:1      | 429 ||| DROPPING +0 leather armour.
   430 | D:1      | 430 ||| READING 2 scrolls labelled VIHORE WAOTA.
   431 | D:1      | 431 ||| READING 2 scrolls labelled MOUWUANIEK.
   434 | D:1      | 434 ||| READING scroll labelled LAIWNU EPLIPPI.
   434 | D:1      | 434 ||| ENCHANTING +0 ring mail.
   435 | D:1      | 435 ||| READING scroll labelled HYIZUPLILAY.
   436 | D:1      | 436 ||| READING scroll labelled ARUQOS CAGG.
   437 | D:1      | 437 ||| READING scroll labelled DILOUL AMASK.
   437 | D:1      | 437 ||| ENCHANTING +0 shortbow.
   438 | D:1      | 438 ||| DROPPING scroll of butterflies.
   439 | D:1      | 439 ||| DROPPING scroll of fog.
   563 | D:2      | Reached XP level 3. HP: 14/20 MP: 5/5
   815 | D:2      | Reached skill level 7 in Ranged Weapons
  1335 | D:3      | Reached XP level 4. HP: 25/25 MP: 6/6
  1363 | D:3      | Identified the +6 dire flail of Wyrd {venom, rElec Str+7}
  1363 | D:3      | Noticed an ogre
  1363 | D:3      | Noticed qw's ghost (amateur SpHu)
  1364 | D:3      | Found a transporter.
  1364 | D:3      | Noticed an ogre
  1441 | D:3      | Slain by a gnoll

Levels and vault maps discovered:
D:1:      sevenhm_arrival_forest_fort_small_3, layout_rooms
D:2:      layout_loops_cross, serial_rivers, chequers_serial_rivers_micro_d,
          chequers_serial_rivers_micro_d, chequers_serial_rivers_small_b,
          chequers_serial_rivers_micro_a, chequers_serial_rivers_large_a,
          chequers_serial_rivers_micro_e
D:3:      layout_loops_ring, gammafunk_ghost_smash, nicolae_hexahallways,
          serial_bayou_lake_a

Skill      XL: |  1  2  3 |
---------------+----------+-----
Ranged Weapons | 6 7 |  7.7
Fighting       | |  1.5
Dodging        | |  2.4
Stealth        | |  1.2

Action                     |  1- 3 |  4- 6 || total
---------------------------+-------+-------++-------
   Fire: Shortbow          |    83 |    26 ||   109
    Use: Scroll            |     6 |       ||     6
 Armour: Leather armour    |     6 |       ||     6
         Ring mail         |     6 |    12 ||    18
  Dodge: Dodged            |    17 |    18 ||    35

Table legend:
 A = Non-vault XP
 B = Vault XP
 C = Vault XP percentage of total XP
 D = Non-vault monster count
 E = Vault monster count
 F = Vault count percentage of total count
                 A         B        C        D         E       F
            +---------+---------+-------+---------+---------+-------
      Total |     126 |       0 |   0.0 |      44 |       0 |   0.0
            +---------+---------+-------+---------+---------+-------
        D:1 |      26 |       0 |   0.0 |      16 |       0 |   0.0
        D:2 |      63 |       0 |   0.0 |      16 |       0 |   0.0
        D:3 |      37 |       0 |   0.0 |      12 |       0 |   0.0
            +---------+---------+-------+---------+---------+-------
